Map: [ESL] Inside and Out

Players

Krystianer

  • Race: Protoss Protoss
  • Spawn Location: 1:00

GunGFuBanDa - Winner!

  • Race: Protoss Protoss
  • Spawn Location: 7:00

Event: DreamHack SC2 Masters 2022 Atlanta (Online)

VOD

Have the link to the VOD?

Description

Time

  • Played on: Oct. 13, 2022, 1:49 p.m.
  • Length: 22:45

All games in this series

Show
View Real Time Build Order
Export as new Build Order

Krystianer Protoss 

Build Orders:  

Get SALT Encoding   

  12  0:00  Probe  
  13  0:12  Probe  
  14  0:17  Pylon  
  14  0:24  Probe (Chrono Boost)  
  15  0:36  Gateway, Probe (Chrono Boost)  
  16  0:44  Probe (Chrono Boost)  
  16  0:45  Assimilator  
  17  0:50  Probe  
  18  1:03  Probe (Chrono Boost)  
  19  1:04  Assimilator  
  20  1:12  Probe (Chrono Boost), Gateway  
  20  1:17  Probe (Chrono Boost)  
  20  1:23  Cybernetics Core  
  21  1:29  Probe  
  22  1:37  Pylon  
  22  1:41  Probe  
  23  1:55  Probe  
  23  1:57  Pylon  
  24  2:02  Warp Gate (Chrono Boost)  
  24  2:03  Adept  
  24  2:04  Adept  
  24  2:07  Probe  
  29  2:15  Pylon  
  29  2:33  Adept x2  
  33  2:53  Nexus  
  33  3:03  Adept  
  33  3:05  Adept  
  37  3:13  Pylon  
  37  3:15  Probe  
  37  3:24  Shield Battery  
  37  3:27  Probe  
  38  3:39  Robotics Facility  
  38  3:43  Adept  
  38  3:47  Adept  
  42  3:51  Probe (Chrono Boost)  
  44  4:06  Stalker  
  44  4:08  Stalker  
  47  4:11  Probe (Chrono Boost)  
  47  4:13  Probe (Chrono Boost)  
  49  4:22  Probe (Chrono Boost)  
  49  4:23  Probe (Chrono Boost)  
  51  4:26  Observer (Chrono Boost)  
  53  4:31  Probe  
  53  4:38  Sentry  
  53  4:39  Sentry  
  53  4:41  Probe  
  53  4:43  Warp Prism (Chrono Boost)  
  53  4:44  Probe  
  61  4:53  Probe  
  61  4:56  Probe  
  61  5:00  Pylon  
  61  5:04  Stalker x2  
  61  5:06  Probe  
  58  5:14  Immortal (Chrono Boost)  
  58  5:17  Probe  
  57  5:25  Shield Battery, Probe  
  58  5:32  Sentry  
  58  5:34  Twilight Council, Adept  
  62  5:46  Probe  
  62  5:48  Immortal (Chrono Boost), Pylon  
  68  6:00  Pylon  
  67  6:11  Stalker x2  
  69  6:12  Blink (Chrono Boost)  
  69  6:15  Observer  
  65  6:26  Probe  
  65  6:27  Probe  
  65  6:28  Assimilator  
  65  6:32  Immortal, Gateway  
  71  6:35  Gateway  
  67  6:42  Probe  
  67  6:44  Probe  
  65  6:51  Stalker  
  66  6:54  Probe  
  66  6:56  Probe  
  66  6:57  Stalker  
  66  7:06  Probe  
  67  7:08  Warp Prism (Chrono Boost)  
  67  7:09  Gateway  
  67  7:12  Probe  
  70  7:18  Probe  
  71  7:22  Stalker x2  
  71  7:27  Probe  
  76  7:31  Stalker  
  76  7:34  Zealot  
  80  7:37  Pylon  
  80  7:41  Probe  
  81  7:52  Pylon  
  81  7:53  Stalker  
  81  7:54  Stalker  
  85  7:59  Shield Battery  
  85  8:00  Stalker  
  85  8:07  Stalker  
  85  8:11  Probe x2  
  85  8:23  Probe  
  85  8:24  Observer  
  85  8:27  Probe  
  88  8:32  Nexus  
  88  8:36  Probe (Chrono Boost)  
  89  8:42  Probe (Chrono Boost)  
  89  8:43  Charge  
  89  8:48  Probe (Chrono Boost)  
  91  8:53  Observer, Probe (Chrono Boost)  
  91  8:55  Probe (Chrono Boost)  
  94  8:56  Gateway  
  94  8:59  Probe (Chrono Boost)  
  95  9:08  Probe  
  96  9:10  Zealot x3  
  96  9:13  Pylon  
  101  9:19  Stalker  
  101  9:21  Stalker  
  102  9:24  Probe  
  102  9:26  Probe  
  101  9:36  Probe (Chrono Boost)  
  100  9:38  Probe (Chrono Boost)  
  100  9:42  Stalker  
  100  9:44  Stalker  
  104  9:50  Probe x2 (Chrono Boost)  
  105  9:56  Sentry  
  105  9:57  Probe (Chrono Boost)  
  105  9:58  Sentry x2  
  105  9:59  Probe (Chrono Boost)  
  92  10:14  Zealot x3  
  92  10:17  Probe  
  93  10:22  Zealot x2  
  93  10:25  Probe  
  88  10:29  Zealot  
  84  10:36  Zealot x3  
  90  10:42  Shield Battery  
  90  10:45  Templar Archives  
  90  10:48  Zealot x2  
  94  10:56  Zealot  
  96  10:57  Zealot, Stalker  
  96  11:01  Zealot  
  103  11:04  Probe  
  103  11:07  Probe  
  104  11:12  Zealot x2  
  104  11:17  Zealot  
  110  11:20  Zealot x2  
  114  11:29  Stalker  
  113  11:34  Pylon  
  113  11:37  Zealot x2  
  113  11:39  Warp Prism (Chrono Boost), Probe  
  117  11:46  Zealot  
  116  11:48  Probe  
  116  11:52  Probe  
  108  11:57  Stalker x2  
  108  12:00  Stalker x2  
  114  12:09  Observer  
  114  12:11  Stalker x2  
  113  12:22  Stalker x2  
  113  12:23  Stalker x2  
  113  12:27  Pylon  
  121  12:34  Stalker x2  
  125  12:41  Pylon  
  123  12:52  Stalker x4  
  130  13:01  Stalker x2  
  130  13:03  Observer (Chrono Boost)  
  126  13:16  Zealot x4  
  132  13:25  Zealot x2  
  126  13:28  Gateway  
  126  13:33  Probe  
  113  13:42  Probe  
  113  13:44  Stalker x4  
  113  13:48  Stalker x2  
  108  13:49  Probe  
  108  13:50  Probe  
  112  13:55  Forge  
  112  13:56  Observer (Chrono Boost)  
  113  14:14  Nexus  
  113  14:17  Observer  
  113  14:18  Pylon  
  113  14:27  Probe  
  113  14:28  Probe  
  111  14:34  Zealot x7  
  102  14:40  Probe  
  102  14:42  Probe  
  102  14:44  Photon Cannon  
  104  14:47  Protoss Ground Weapons Level 1 (Chrono Boost)  
  104  14:52  Probe  
  104  14:58  Photon Cannon, Probe  
  104  15:02  Probe  
  104  15:04  Probe  
  102  15:10  Probe  
  102  15:13  Observer  
  104  15:14  High Templar x3  
  104  15:15  High Templar  
  104  15:16  High Templar  
  104  15:20  High Templar  
  104  15:21  Zealot  
  118  15:24  Probe x2  
  118  15:25  Archon x2  
  118  15:26  Archon, Probe  
  119  15:36  Probe, Gateway  
  118  15:47  Zealot x2  
  118  15:49  Zealot x3  
  125  15:54  Stalker x2  
  127  16:04  Probe  
  128  16:13  Stalker x3  
  128  16:15  Zealot x2  
  128  16:17  Probe  
  137  16:19  Probe  
  137  16:20  Assimilator  
  137  16:21  Zealot  
  137  16:22  Zealot, Assimilator  
  137  16:25  Probe  
  143  16:27  Assimilator  
  143  16:28  Probe  
  143  16:30  Probe  
  143  16:32  Probe  
  146  16:36  Zealot x2  
  148  16:43  Assimilator  
  148  16:44  Robotics Bay  
  148  16:47  Probe  
  148  16:48  Zealot x2, Assimilator  
  153  17:00  Robotics Facility  
  153  17:01  Zealot x3  
  153  17:06  Pylon  
  153  17:08  Pylon  
  159  17:13  Zealot x2  
  161  17:16  Protoss Ground Weapons Level 2 (Chrono Boost)  
  157  17:36  Nexus  
  157  17:37  Disruptor (Chrono Boost), Probe  
  157  17:40  Robotics Facility  
  157  17:42  Pylon  
  161  17:45  Probe  
  161  17:48  Probe  
  163  17:51  Disruptor (Chrono Boost), Probe  
  167  17:58  Pylon  
  167  18:01  Assimilator  
  167  18:04  Disruptor (Chrono Boost)  
  170  18:06  Assimilator  
  170  18:12  Zealot x4  
  172  18:15  Probe  
  135  18:24  Zealot x3  
  135  18:25  Probe x2  
  117  18:28  Probe  
  117  18:30  Probe  
  115  18:37  Probe  
  110  18:44  Disruptor (Chrono Boost)  
  110  18:46  Disruptor (Chrono Boost)  
  114  18:51  Pylon  
  114  18:53  Nexus  
  114  19:00  Probe  
  115  19:05  Probe  
  115  19:08  Probe x2  
  118  19:12  Disruptor (Chrono Boost), Probe, Pylon  
  118  19:13  Disruptor (Chrono Boost)  
  125  19:19  Dark Shrine, Probe  
  125  19:20  Probe  
  128  19:30  Zealot  
  129  19:31  Zealot  
  129  19:34  Zealot  
  129  19:35  Disruptor (Chrono Boost)  
  136  19:38  Probe  
  136  19:39  Probe x2  
  139  19:51  Zealot x3  
  143  19:53  Shield Battery  
  143  19:58  Shield Battery  
  143  20:01  Probe  
  143  20:04  Probe x2  
  143  20:06  Zealot  
  144  20:13  Stalker x2  
  145  20:14  Probe  
  145  20:17  Probe  
  143  20:37  Probe  
  143  20:38  Observer  
  143  20:39  Nexus  
  143  20:46  Dark Templar x3  
  147  20:58  Observer, Stalker x3  
  153  21:04  Stalker x2  
  124  21:33  Stalker x6  
  107  22:20  Nexus  
  106  22:27  Pylon  
Show
View Real Time Build Order
Export as new Build Order

GunGFuBanDa Protoss - Winner!

Build Orders:  

Get SALT Encoding   

  12  0:00  Probe  
  13  0:12  Probe  
  14  0:17  Pylon  
  14  0:24  Probe (Chrono Boost)  
  16  0:37  Gateway, Probe (Chrono Boost)  
  16  0:42  Probe (Chrono Boost)  
  16  0:45  Assimilator  
  17  0:52  Probe (Chrono Boost)  
  18  0:57  Assimilator  
  19  1:04  Probe (Chrono Boost)  
  19  1:08  Gateway  
  19  1:13  Probe (Chrono Boost)  
  20  1:18  Probe  
  20  1:24  Cybernetics Core  
  21  1:30  Probe  
  22  1:35  Pylon  
  22  1:42  Probe  
  23  1:54  Probe  
  23  2:00  Stalker  
  26  2:01  Stalker  
  26  2:04  Warp Gate  
  28  2:12  Pylon  
  28  2:17  Probe  
  29  2:29  Pylon  
  29  2:33  Stalker  
  31  2:40  Stalker  
  33  2:50  Probe  
  34  3:10  Nexus  
  34  3:14  Shield Battery  
  34  3:16  Probe  
  35  3:23  Shield Battery  
  35  3:28  Probe  
  35  3:33  Twilight Council  
  36  3:40  Probe  
  37  3:43  Pylon  
  37  3:56  Stalker  
  37  4:00  Pylon  
  37  4:01  Probe  
  37  4:02  Stalker  
  42  4:12  Cybernetics Core  
  42  4:20  Adept, Blink (Chrono Boost)  
  44  4:29  Adept  
  46  4:34  Probe  
  47  4:51  Stalker x2  
  47  4:52  Pylon  
  51  4:58  Probe x2 (Chrono Boost)  
  50  5:07  Probe x2 (Chrono Boost)  
  50  5:12  Probe x2 (Chrono Boost)  
  47  5:21  Sentry, Stalker  
  52  5:29  Probe (Chrono Boost)  
  52  5:30  Probe (Chrono Boost)  
  52  5:35  Probe (Chrono Boost)  
  53  5:37  Probe (Chrono Boost)  
  54  5:43  Probe  
  54  5:45  Sentry, Stalker  
  54  5:49  Probe  
  60  5:55  Probe (Chrono Boost)  
  61  5:58  Robotics Facility  
  62  6:05  Probe (Chrono Boost)  
  62  6:06  Assimilator  
  62  6:07  Shield Battery, Probe (Chrono Boost)  
  62  6:08  Stalker  
  62  6:11  Stalker  
  64  6:16  Probe (Chrono Boost)  
  65  6:21  Probe (Chrono Boost)  
  65  6:29  Probe (Chrono Boost)  
  65  6:33  Probe (Chrono Boost)  
  66  6:41  Sentry, Probe (Chrono Boost)  
  66  6:42  Probe (Chrono Boost)  
  69  6:47  Pylon  
  69  6:53  Pylon  
  69  6:55  Forge  
  69  7:03  Immortal (Chrono Boost)  
  69  7:04  Probe  
  69  7:05  Probe  
  69  7:06  Pylon  
  75  7:10  Stalker  
  77  7:15  Pylon  
  77  7:16  Shield Battery, Probe  
  77  7:21  Protoss Ground Weapons Level 1 (Chrono Boost)  
  78  7:22  Gateway  
  78  7:27  Gateway  
  78  7:30  Pylon  
  78  7:35  Observer (Chrono Boost)  
  79  7:38  Adept x2  
  79  7:42  Shield Battery  
  83  7:45  Shield Battery  
  83  7:49  Immortal (Chrono Boost)  
  85  8:09  Stalker x2  
  81  8:24  Stalker x2  
  85  8:28  Immortal (Chrono Boost)  
  85  8:34  Observer  
  88  8:37  Pylon  
  88  8:42  Adept x2  
  92  8:49  Stalker x2  
  92  8:50  Assimilator  
  96  8:58  Warp Prism (Chrono Boost)  
  98  9:03  Stalker x2  
  96  9:39  Stalker x4  
  96  9:43  Robotics Bay  
  104  9:51  Pylon  
  104  9:52  Pylon  
  102  10:13  Stalker x4  
  86  10:27  Probe  
  83  10:28  Protoss Ground Weapons Level 2 (Chrono Boost)  
  83  10:32  Disruptor (Chrono Boost)  
  82  10:39  Stalker x4  
  90  10:59  Probe  
  90  11:00  Disruptor (Chrono Boost), Nexus, Probe  
  90  11:02  Pylon  
  95  11:05  Sentry, Stalker  
  95  11:07  Zealot x2  
  103  11:13  Pylon  
  103  11:16  Probe  
  104  11:19  Probe  
  100  11:31  Probe  
  97  11:35  Disruptor  
  82  11:54  Probe  
  82  11:55  Probe  
  82  11:57  Stalker x4  
  82  12:00  Dark Shrine  
  90  12:12  Probe  
  90  12:14  Shield Battery x2  
  89  12:16  Photon Cannon  
  85  12:22  Stalker  
  85  12:23  Sentry, Stalker x2  
  85  12:29  Disruptor, Shield Battery  
  93  12:32  Pylon  
  96  12:52  Zealot x2  
  96  12:53  Zealot  
  96  12:54  Zealot  
  101  13:06  Probe x3  
  107  13:15  Dark Templar x2  
  107  13:17  Zealot x2  
  93  13:31  Probe x2  
  94  13:34  Photon Cannon  
  94  13:36  Probe (Chrono Boost)  
  94  13:42  Dark Templar x2  
  94  13:47  Assimilator x2  
  101  13:48  Probe x2 (Chrono Boost)  
  101  13:51  Probe (Chrono Boost)  
  100  13:55  Probe (Chrono Boost)  
  100  13:57  Probe (Chrono Boost)  
  101  14:07  Robotics Facility  
  101  14:16  Stalker x3  
  104  14:17  Photon Cannon  
  104  14:25  Zealot  
  104  14:29  Probe (Chrono Boost)  
  99  14:31  Probe (Chrono Boost)  
  99  14:33  Probe (Chrono Boost)  
  99  14:43  Probe x2 (Chrono Boost)  
  102  14:49  Probe (Chrono Boost)  
  102  14:52  Probe (Chrono Boost)  
  103  14:57  Probe (Chrono Boost), Stalker x4  
  112  15:05  Disruptor (Chrono Boost)  
  112  15:11  Probe x3  
  112  15:14  Pylon  
  118  15:19  Twilight Council  
  118  15:23  Dark Templar, Probe  
  118  15:26  Stalker  
  123  15:36  Disruptor (Chrono Boost)  
  123  15:38  Stalker  
  123  15:39  Stalker  
  123  15:41  Protoss Ground Weapons Level 3 (Chrono Boost)  
  130  16:07  Charge  
  130  16:09  Disruptor (Chrono Boost)  
  133  16:19  Shadow Stride (Chrono Boost)  
  131  16:36  Disruptor (Chrono Boost)  
  131  16:38  Stalker x4  
  142  16:40  Photon Cannon  
  142  16:41  Pylon  
  142  16:57  Nexus  
  142  17:00  Shield Battery  
  141  17:03  Disruptor  
  144  17:12  Stalker  
  146  17:22  Probe  
  147  17:25  Probe  
  147  17:26  Probe  
  149  17:34  Probe  
  150  17:40  Photon Cannon  
  150  17:46  Disruptor (Chrono Boost), Stalker x4  
  124  18:29  Probe  
  124  18:34  Stalker x4  
  113  18:35  Assimilator  
  111  18:42  Disruptor (Chrono Boost)  
  112  18:48  Robotics Facility  
  112  18:55  Probe x2  
  114  18:56  Gateway  
  114  18:57  Pylon  
  114  18:58  Gravitic Boosters (Chrono Boost), Gateway  
  114  18:59  Protoss Shields Level 1 (Chrono Boost)  
  114  19:06  Dark Templar x3  
  120  19:10  Stalker  
  120  19:11  Observer (Chrono Boost)  
  120  19:13  Probe x2  
  120  19:15  Assimilator  
  120  19:16  Pylon  
  125  19:28  Disruptor (Chrono Boost), Probe x2  
  130  19:42  Stalker x4  
  138  19:46  Pylon  
  138  19:48  Disruptor (Chrono Boost)  
  141  19:59  Pylon  
  141  20:00  Nexus  
  139  20:26  Disruptor (Chrono Boost)  
  139  20:28  Stalker x6  
  151  20:35  Photon Cannon  
  151  20:36  Disruptor (Chrono Boost)  
  151  20:37  Photon Cannon  
  151  20:39  Photon Cannon  
  150  20:44  Gateway  
  150  20:46  Gateway  
  148  20:55  Observer  
  147  21:22  Disruptor  
  147  21:25  Stalker x6  
  122  22:02  Stalker x8  
  130  22:18  Shield Battery  
  130  22:22  Observer (Chrono Boost)  
  132  22:29  Stalker  
  134  22:30  Stalker x4  
  140  22:38  Dark Templar  
Tags
 
Add a new tag
Caveats
  • Supply blocks, unpowered buildings, or Contaminate may cause inaccurate times.
  • Supply counts are checked every 10 seconds.